 Dungeon Crawl Stone Soup version 0.21.1-1-g345015fe64 (webtiles) character file.

11238 Ingvold the Grappler (level 11, -1/109 HPs)
             Began as a Troll Monk on May 29, 2018.
             Was an Elder of Wu Jian.
             Slain by a polar bear (3 damage)
             ... on level 11 of the Dungeon.
             The game lasted 00:32:33 (7597 turns).

Ingvold the Grappler (Troll Monk)                   Turns: 7597, Time: 00:32:34

Health: -1/109     AC:  6    Str: 26    XL:     11   Next: 46%
Magic:  10/10      EV: 15    Int:  6    God:    Wu Jian [****..]
Gold:   434        SH:  0    Dex: 14    Spells: 10/10 levels left

rFire    . . .     SeeInvis .     - Unarmed
rCold    . . .     Gourm    +   (no shield)
rNeg     . . .     Faith    +   H - +1 robe {MR+}
rPois    .         Spirit   .   (helmet restricted)
rElec    .         Reflect  .   (no cloak)
rCorr    .         Harm     .   (gloves unavailable)
MR       +....                  (boots unavailable)
Stlth    ++........             p - amulet of faith
HPRegen  0.68/turn              z - +2 ring of strength
MPRegen  0.12/turn              l - +2 ring of dexterity

@: very slightly contaminated, drained
A: large, unfitting armour, claws 3, fast metabolism 3, gourmand, regeneration
1, shaggy fur 1, tough skin 2
a: Wall Jump, Serpent's Lash, Renounce Religion


You were on level 11 of the Dungeon.
You worshipped Wu Jian.
Wu Jian was greatly pleased with you.
You were very full.

You visited 2 branches of the dungeon, and saw 12 of its levels.

You collected 434 gold pieces.

Inventory:

Hand Weapons
 G - a +4 scimitar of flaming
Armour
 H - a +1 robe of magic resistance (worn)
Jewellery
 g - an uncursed ring of see invisible
 l - a +2 ring of dexterity (right claw)
 p - an amulet of faith (around neck)
 v - an uncursed amulet of rage
 x - an uncursed ring of protection from cold
 z - a +2 ring of strength (left claw)
 C - an uncursed amulet of regeneration
 D - an uncursed amulet of magic regeneration
Wands
 n - a wand of flame (60)
 F - a wand of scattershot (3)
 J - a wand of random effects (30)
Scrolls
 a - a scroll of fear {unknown}
 j - 3 scrolls of teleportation
 m - 2 scrolls of identify
 s - 2 scrolls of enchant weapon
 u - 3 scrolls of amnesia {unknown}
 y - 9 scrolls of remove curse
 A - 2 scrolls of acquirement {unknown}
 B - 3 scrolls of magic mapping {unknown}
 E - a scroll of noise {unknown}
 I - a scroll of fog {unknown}
 M - a scroll of holy word {unknown}
Potions
 c - a potion of berserk rage {unknown}
 e - 2 potions of agility
 f - a potion of magic {unknown}
 h - 3 potions of heal wounds {unknown}
 i - 2 potions of flight
 k - 4 potions of curing {unknown}
 o - 2 potions of might {unknown}
 q - 3 potions of haste
 r - a potion of degeneration {unknown}
 t - a potion of resistance {unknown}
 w - a potion of mutation {unknown}
 K - 2 potions of cancellation {unknown}
Comestibles
 b - 15 rations


   Skills:
 + Level 7.4(7.0) Fighting
 * Level 10.1(9.6) Dodging
 - Level 1.1(0.7) Stealth
 * Level 11.7(11.3) Unarmed Combat


You had 10 spell levels left.
You didn't know any spells.

Dungeon Overview and Level Annotations

Branches:
Dungeon (11/15)            Temple (1/1) D:6            Lair (0/6) D:11
    Orc (0/2) D:11

Altars:
Ashenzari
Cheibriados
Dithmenos
Elyvilon
Fedhas
Gozag
Hepliaklqana
Kikubaaqudgha
Makhleb
Nemelex Xobeh
Okawaru
Qazlal
Ru
Sif Muna
Trog
Uskayaw
Vehumet
Wu Jian
Xom
Yredelemnul
Zin
The Shining One

Shops:
D:5 *


Innate Abilities, Weirdness & Mutations

You are too large for most types of armour.
You have claws for hands.
Your metabolism is lightning-fast.
You like to eat raw meat.
Your natural rate of healing is unusually fast.
You are covered in fur. (AC +1)
You have very tough skin. (AC +2)


Message History

* * * LOW HITPOINT WARNING * * *
The wolf barely misses you.
The polar bear growls angrily.
The wolf misses you.
The cyclops throws a large rock.
The large rock barely misses you.
You see here a large rock.
Blink to where?
Press: ? - help, Dir - move target cursor You are very lightly contaminated with residual magic.
As you read the scroll of blinking, it crumbles to dust.
A white imp comes into view.
The white imp shouts, "Turn tail, thou froward weeb-spouting mendicant!"
You hear a shout!
The howler monkey hoots and howls with incredible vigour!
You hear a shout!
The polar bear bites you.
* * * LOW HITPOINT WARNING * * *
The polar bear claws you but does no damage.
The polar bear claws you.
You die...

.##. .... ##.#. ..#.###...
..... .........###.#.#
.....#..5......#
...............# ###
........)..##.#### .>
#.#.............# .# ..
#.#.....†.#.#..####.######
...#.......h@..............$.
............Z÷##...≈.........
............C....##≈.........
....##.....hu÷##.#≈..........
... .#............≈..........
.. #.....#Y#..##.#≈..........
......#..#Y##.....≈÷.........
..####.....hh.....≈....#####
. .......Y..Y.....≈≈...#


You could see a red ugly thing, a cyclops, a polar bear, a yak, an ice beast, a
wolf, a howler monkey, a white imp and a hound simulacrum.

Vanquished Creatures
  Erica (D:9)
  2 death yaks (D:10)
  4 two-headed ogres
  Nergalle (D:10)
  An unseen horror (D:10)
  A troll (D:10)
  A polar bear (D:11)
  A hippogriff (D:9)
  3 yaks
  A water elemental (D:11)
  A shadow (D:11)
  2 water moccasins
  3 ice beasts
  A sky beast (D:10)
  A black bear (D:10)
  2 necrophages
  A phantom (D:8)
  4 ogres
  4 centaurs
  2 big kobolds
  7 bullfrogs
  A gnoll sergeant (D:9)
  6 scorpions
  A jelly (D:10)
  3 wights (D:10)
  3 howler monkeys
  2 crimson imps
  A bullfrog zombie (D:10)
  A quasit (D:7)
  A gnoll shaman (D:8)
  3 bullfrog skeletons
  5 hounds
  2 orc priests
  A centaur skeleton (D:9)
  6 orc wizards
  Jessica (D:2)
  Natasha (thrice) (D:2)
  9 worker ants
  5 iguanas
  2 hell rats (D:11)
  A killer bee zombie (D:8)
  2 hound zombies
  A worker ant zombie (D:11)
  14 gnolls
  12 adders
  2 river rats (D:10)
  2 shadow imps
  An ufetubus (D:11)
  3 worms
  5 dart slugs
  7 leopard geckos
  41 orcs
  2 giant cockroaches
  5 hobgoblins
  9 jackals
  17 kobolds
  6 quokkas
  A ball python (D:3)
  5 bats
  6 frilled lizards
  11 goblins
  2 jackal skeletons (D:4)
  A leopard gecko skeleton (D:8)
  A quokka skeleton (D:7)
  13 rats
270 creatures vanquished.

Vanquished Creatures (others)
  A gnoll (D:9)
  A leopard gecko (D:9)
2 creatures vanquished.

Grand Total: 272 creatures vanquished

Notes
Turn   | Place    | Note
-------+----------+-------------------------------------------
     0 | D:1      | Ingvold the Troll Monk began the quest for the Orb.
     0 | D:1      | Reached XP level 1. HP: 22/22 MP: 0/0
   132 | D:1      | Reached XP level 2. HP: 29/29 MP: 1/1
   550 | D:2      | Reached XP level 3. HP: 33/36 MP: 2/2
   694 | D:2      | Noticed Jessica
   701 | D:2      | Killed Jessica
   701 | D:2      | Reached XP level 4. HP: 44/45 MP: 3/3
   723 | D:2      | Noticed Natasha
   728 | D:2      | Killed Natasha
   728 | D:2      | Reached skill level 4 in Unarmed Combat
   979 | D:2      | Noticed Natasha
   998 | D:2      | Killed Natasha
   998 | D:2      | Reached XP level 5. HP: 34/53 MP: 4/4
  1069 | D:2      | Noticed Natasha
  1075 | D:2      | Killed Natasha
  1150 | D:3      | Noticed a centaur
  1155 | D:3      | Killed a centaur
  1212 | D:3      | Reached XP level 6. HP: 59/61 MP: 5/5
  1598 | D:4      | Reached skill level 5 in Unarmed Combat
  1710 | D:4      | Reached XP level 7. HP: 54/68 MP: 6/6
  2152 | D:5      | Entered Level 5 of the Dungeon
  2269 | D:5      | Found Puyxilut's General Store.
  2347 | D:5      | Reached skill level 5 in Dodging
  2347 | D:5      | Reached skill level 6 in Unarmed Combat
  2601 | D:6      | Found an ancient bone altar of Kikubaaqudgha.
  2727 | D:6      | Reached XP level 8. HP: 73/79 MP: 7/7
  2775 | D:6      | Found a staircase to the Ecumenical Temple.
  2780 | Temple   | Entered the Ecumenical Temple
  2879 | Temple   | Became a worshipper of the Wu Jian Council
  2879 | Temple   | Reached * piety under Wu Jian
  2879 | Temple   | Reached ** piety under Wu Jian
  3043 | D:6      | Reached skill level 7 in Unarmed Combat
  3068 | D:6      | Found a snail-covered altar of Cheibriados.
  3684 | D:7      | Reached skill level 5 in Fighting
  4101 | D:8      | Reached *** piety under Wu Jian
  4101 | D:8      | Reached skill level 8 in Unarmed Combat
  4101 | D:8      | Reached XP level 9. HP: 86/88 MP: 8/8
  4143 | D:8      | Noticed Erica
  4182 | D:9      | Killed Erica
  4182 | D:9      | Reached skill level 9 in Unarmed Combat
  4353 | D:8      | Noticed a two-headed ogre
  4545 | D:8      | Reached **** piety under Wu Jian
  5082 | D:7      | Killed a two-headed ogre
  5082 | D:7      | Reached XP level 10. HP: 76/98 MP: 9/9
  5336 | D:9      | Noticed a two-headed ogre
  5384 | D:8      | Killed a two-headed ogre
  5384 | D:8      | Reached skill level 10 in Unarmed Combat
  5616 | D:9      | Found a blossoming altar of Fedhas.
  5746 | D:9      | Found an opulent altar of Gozag.
  5747 | D:9      | Found a sparkling altar of Nemelex Xobeh.
  5826 | D:9      | Found a burning altar of Makhleb.
  5828 | D:9      | Noticed a blizzard demon
  5832 | D:9      | Noticed a smoke demon
  6091 | D:10     | Entered Level 10 of the Dungeon
  6191 | D:10     | Noticed a two-headed ogre
  6236 | D:10     | Killed a two-headed ogre
  6353 | D:10     | Reached ***** piety under Wu Jian
  6626 | D:10     | Noticed a two-headed ogre
  6639 | D:10     | Killed a two-headed ogre
  6639 | D:10     | Reached skill level 11 in Unarmed Combat
  6679 | D:10     | Reached XP level 11. HP: 107/107 MP: 10/10
  6691 | D:10     | Noticed an unseen horror
  6695 | D:10     | Killed an unseen horror
  6864 | D:10     | Noticed Nergalle
  6869 | D:10     | Killed Nergalle
  7024 | D:11     | Found a staircase to the Orcish Mines.
  7024 | D:11     | Noticed a death yak
  7033 | D:11     | Noticed a death yak
  7037 | D:11     | Noticed a death yak
  7060 | D:10     | Killed a death yak
  7346 | D:10     | Killed a death yak
  7346 | D:10     | Reached skill level 10 in Dodging
  7591 | D:11     | Found a staircase to the Lair.
  7591 | D:11     | HP: 5/109 [cyclops/large rock (28)]
  7592 | D:11     | Noticed a red ugly thing
  7592 | D:11     | HP: 2/109 [wolf (2)]
  7597 | D:11     | HP: 2/109 [polar bear (3)]
  7597 | D:11     | Slain by a polar bear

Skill      XL: |  1  2  3  4  5  6  7  8  9 10 11 |
---------------+----------------------------------+-----
Dodging        | 3 4 5 6 8 9 10 | 10.1
Fighting       | 3 4 5 6 7 |  7.4
Unarmed Combat | 4 5 6 8 9 11 | 11.7
Stealth        | |  1.1

Action                   |  1- 3 |  4- 6 |  7- 9 | 10-12 || total
-------------------------+-------+-------+-------+-------++-------
Melee: Unarmed           |    92 |   125 |   341 |   221 ||   779
       Punch             |       |     4 |    15 |    17 ||    36
Invok: Lunge             |       |       |    21 |    38 ||    59
       Whirlwind         |       |       |    40 |    47 ||    87
       Wall Jump         |       |       |    17 |    14 ||    31
       Serpent's Lash    |       |       |     1 |       ||     1
       Heavenly Storm    |       |       |       |     1 ||     1
  Use: Scroll            |       |       |     6 |     4 ||    10
 Stab: Sleeping          |       |     5 |     6 |     4 ||    15
       Distracted        |       |       |       |     1 ||     1
  Eat: Chunk             |    12 |     9 |    29 |    25 ||    75
Armor: Robe              |    20 |    51 |    69 |    41 ||   181
Dodge: Dodged            |    46 |    91 |   231 |   117 ||   485
